 Dungeon Crawl Stone Soup version 0.26.0-9-gab577f9fc5 (webtiles) character file.

Game seed: 10307395419565934262

93 Gauvater the Covered (level 4, -1/37 HPs)
             Began as a Formicid Fighter on Jan 14, 2021.
             Slain by a bullfrog (2 damage)
             ... in a sewer.
             The game lasted 00:06:39 (1919 turns).

Gauvater the Covered (Formicid Fighter)             Turns: 1919, Time: 00:06:39

Health: -1/37      AC:  7    Str: 21    XL:     4   Next: 92%
Magic:  4/4        EV:  8    Int:  8    God:
Gold:   117        SH: 10    Dex: 10    Spells: 3/3 levels left

rFire    . . .     SeeInvis +   a - +1 war axe
rCold    . . .     Faith    .   c - +1 kite shield
rNeg     . . .     Spirit   .   b - +0 scale mail
rPois    .         Reflect  .   (helmet unavailable)
rElec    .         Harm     .   (no cloak)
rCorr    .         Rampage  .   (no gloves)
Will     .....                  (no boots)
Stlth    ..........             (no amulet)
HPRegen  0.12/turn              (no ring)
MPRegen  0.09/turn              (no ring)

@: mighty, very slow
A: permanent stasis, dig shafts and tunnels, four strong arms, antennae 3
a: Dig


You were in a sewer.
You visited 1 branch of the dungeon, and saw 3 of its levels.
You also visited: Sewer.

You collected 117 gold pieces.

Inventory:

Hand Weapons
 a - a +1 war axe (weapon)
 o - a +0 dagger of venom
Missiles
 j - 22 bolts
 s - 13 arrows
Armour
 b - a +0 scale mail (worn)
 c - a +1 kite shield (worn)
Jewellery
 m - an uncursed amulet of faith {unknown}
 v - a +6 ring of strength {unknown}
Wands
 w - a wand of random effects (21)
Scrolls
 f - 2 scrolls of remove curse
 g - 2 scrolls of teleportation
 h - 2 scrolls of enchant armour
 i - a scroll of random uselessness
 l - a scroll of fog
 n - 2 scrolls of enchant weapon
Potions
 p - a potion of degeneration {unknown}
 r - a potion of brilliance {unknown}
 u - a potion of magic {unknown}


   Skills:
 + Level 3.8 Fighting
 + Level 2.8 Axes
 + Level 4.2 Armour
 + Level 0.5 Dodging
 + Level 0.1 Stealth
 + Level 4.2 Shields


You had 3 spell levels left.
You didn't know any spells.
Your spell library was empty.

Dungeon Overview and Level Annotations

Branches:
Dungeon (3/15)              Sewer (1/1)

Altars:
Hepliaklqana
Nemelex Xobeh
Ru


Innate Abilities, Weirdness & Mutations

You cannot be hasted, slowed, berserked, paralysed or teleported.
You can dig through walls and to a lower floor.
Your four strong arms can wield two-handed weapons with a shield.
You have a pair of large antennae on your head. (SInv)


Message History

It was a potion of curing.
You feel better. You block the bullfrog's attack.
The bullfrog hits you but does no damage.
Your unstable footing causes you to fumble your attack.
The bullfrog barely misses you. You block the bullfrog's attack.
The bullfrog hits you but does no damage.
The bullfrog barely misses you.
You closely miss the bullfrog.
The bullfrog is heavily wounded.
You barely miss the bullfrog. You block the bullfrog's attack.
The bullfrog barely misses you. The bullfrog hits you.
The bullfrog hits you but does no damage.
The bullfrog hits you.
* * * LOW HITPOINT WARNING * * *
The bullfrog hits you!
* * * LOW HITPOINT WARNING * * *
You feel very mighty all of a sudden. The bullfrog hits you.
* * * LOW HITPOINT WARNING * * *
The bullfrog hits you.
You die...

#.≈≈≈≈# #.≈≈≈.# #
#.≈≈≈≈# ###≈≈ #.≈≈≈≈#
##≈≈≈≈≈ {
#≈÷≈≈≈##≈≈≈≈≈≈≈
#≈÷≈≈≈#≈≈≈≈∩≈≈≈
#≈≈≈≈≈≈≈≈≈....≈≈.≈≈≈≈
#≈≈≈≈≈≈F≈≈≈≈≈.≈.|.≈≈≈≈≈
#≈≈≈≈≈@F≈≈≈≈.≈.($/.≈≈≈≈
#.≈≈≈≈≈≈≈≈≈≈.≈≈≈)≈≈≈≈≈≈
#≈≈≈≈≈≈≈≈≈≈.≈≈≈≈.≈≈≈≈≈≈
#≈≈≈≈≈≈≈≈≈≈≈≈..≈≈≈≈≈≈≈≈
#≈≈≈≈.≈≈≈≈≈≈≈≈≈≈≈≈≈≈≈≈≈
#.≈≈≈.≈≈≈≈≈≈≈≈≈≈≈≈≈≈≈≈#
#.≈≈≈≈..≈≈≈≈≈≈≈≈≈≈.....
#.≈≈≈≈≈≈≈≈≈≈≈≈≈≈≈≈≈≈≈≈≈
#.≈≈≈≈≈≈≈≈≈≈≈≈≈≈≈≈≈≈≈≈≈


You could see 2 bullfrogs.

Vanquished Creatures
  4 adders
  An adder skeleton (D:3)
  A worm (D:3)
  A dart slug (D:1)
  3 leopard geckos
  8 giant cockroaches
  3 hobgoblins (D:1)
  4 kobolds (D:1)
  A quokka (D:2)
  2 ball pythons (Sewer)
  5 bats
  7 frilled lizards
  5 goblins
  A quokka skeleton (D:3)
  6 rats
52 creatures vanquished.

Notes
Turn   | Place    | Note
-------+----------+-------------------------------------------
     0 | D:1      | Gauvater the Formicid Fighter began the quest for the Orb.
     0 | D:1      | Reached XP level 1. HP: 18/18 MP: 1/1
   134 | D:1      | Reached XP level 2. HP: 24/24 MP: 2/2
   776 | D:2      | Reached XP level 3. HP: 29/29 MP: 3/3
   795 | D:2      | Found a sacrificial altar of Ru.
  1108 | D:2      | Found a sparkling altar of Nemelex Xobeh.
  1178 | D:2      | Found a hazy altar of Hepliaklqana.
  1341 | D:3      | Reached XP level 4. HP: 18/37 MP: 4/4
  1350 | D:3      | Found a glowing drain.
  1507 | Sewer    | Entered a sewer
  1905 | Sewer    | Noticed a bullfrog
  1906 | Sewer    | Noticed a bullfrog
  1919 | Sewer    | HP: 1/37 [bullfrog (3)]
  1919 | Sewer    | Slain by a bullfrog

Illustrated notes

Levels and vault maps discovered:
D:1:      lightli_arrival_boilingwater, layout_basic
D:2:      layout_rooms, nzn_hepliaklqana_mist_gate,
          nemelex_xobeh_ov_fountains_minmay, lemuel_crystal_altar
D:3:      layout_loops_corners, serial_undead, serial_undead_e, serial_undead_a,
          serial_undead_d, serial_undead_e, serial_undead_e, serial_undead_d,
          gup_sewer_entry_bowl
Sewer:    sewer_frog_island_01

Skill      XL: |  1  2  3 |
---------------+----------+-----
Shields        | 4 |  4.2
Armour         | 4 |  4.2
Fighting       | |  3.8
Axes           | |  2.8
Dodging        | |  0.5
Stealth        | |  0.1

Action                   |  1- 3 |  4- 6 || total
-------------------------+-------+-------++-------
Melee: War axe           |    67 |    98 ||   165
 Abil: Dig               |     3 |     1 ||     4
  Use: Scroll            |     8 |       ||     8
       Potion            |       |     2 ||     2
Armor: Scale mail        |    48 |    53 ||   101
Dodge: Dodged            |    39 |    51 ||    90
Block: Kite shield       |    52 |    78 ||   130
